 Dungeon Crawl Stone Soup version 0.18-a0-1243-g9e52518 (webtiles) character file.

229 namelastname112 the Cudgeler (level 5, 0/45 HPs)
             Began as a Draconian Gladiator on Feb 5, 2016.
             Slain by a worm (5 damage)
             ... in a sewer.
             The game lasted 00:04:07 (2699 turns).

namelastname112 the Cudgeler (Draconian Gladiator)  Turns: 2699, Time: 00:04:07

Health: 0/45       AC:  7    Str: 17    XL:     5   Next: 71%
Magic:  5/5        EV: 14    Int:  9    God:
Gold:   229        SH:  0    Dex: 15    Spells: 0 memorised, 4 levels left

rFire  . . .     SeeInvis .     a - +0 flail
rCold  . . .     Gourm    .     (armour unavailable)
rNeg   + . .     Faith    +     (no shield)
rPois  .         Spirit   .     b - +0 hat
rElec  .         Dismiss  .     (no cloak)
rCorr  .         Reflect  .     q - +0 pair of gloves (curse)
SustAt .         Harm     .     o - +0 pair of boots
MR     .....                    r - amulet of faith
Stlth  +.........               j - +3 ring of dexterity
                                i - ring of positive energy

@: not resistant to hostile enchantments, very unstealthy
A: unfitting armour, cold-blooded, AC +5
a: no special abilities


You were in a sewer.
You were not hungry.

You visited 1 branch of the dungeon, and saw 3 of its levels.
You also visited: Sewer.

You collected 229 gold pieces.

Inventory:

Hand Weapons
 a - a +0 flail (weapon)
Missiles
 c - 3 throwing nets (quivered)
 h - 6 curare-tipped needles
 l - 2 tomahawks
Armour
 b - a +0 hat (worn)
 o - a +0 pair of boots (worn)
 q - a cursed +0 pair of gloves (worn)
Jewellery
 i - a ring of positive energy (left hand)
 j - a +3 ring of dexterity (right hand)
 r - an amulet of faith (around neck)
Wands
 w - a wand of lightning (6/15)
Scrolls
 e - a scroll of immolation {unknown}
 g - 3 scrolls of remove curse {unknown}
 k - 3 scrolls of identify {unknown}
 m - 2 scrolls of enchant weapon {unknown}
 s - 4 scrolls of teleportation {unknown}
 t - a scroll of fog {unknown}
 y - a scroll of fear {unknown}
Potions
 f - 2 potions of curing {unknown}
 n - 2 potions of brilliance {unknown}
 p - a potion of heal wounds {unknown}
 u - a potion of cure mutation {unknown}
 x - 4 potions of flight
 z - 2 potions of poison {unknown}
 A - a potion of resistance {unknown}
Comestibles
 d - 3 bread rations
 v - a meat ration


   Skills:
 + Level 3.6 Fighting
 * Level 4.5 Maces & Flails
 + Level 2.5 Throwing
 + Level 3.9 Dodging


You had 4 spell levels left.
You didn't know any spells.

Dungeon Overview and Level Annotations

Branches:
Dungeon (3/15)

Altars:


Innate Abilities, Weirdness & Mutations

Your plain brown scales are hard (AC +5).
Your body does not fit into most forms of armour.
You are cold-blooded and may be slowed by cold attacks.


Message History

You kill the worm!
The worm closely misses you.
You sock the worm!
The worm is heavily wounded.
The worm barely misses you. x2; The worm bites you!
The worm misses you.
You sock the worm!
The worm is almost dead.
The worm bites you.
You hit the worm.
You kill the worm!
The worm barely misses you.
You barely miss the worm. You completely miss the worm. The worm misses you.
The worm bites you!
You sock the worm! You tail-slap the worm.
The worm is heavily wounded.
The worm bites you!
* * * LOW HITPOINT WARNING * * *
The worm bites you.
You die...

#∩∩# #≈≈≈# #..#
#≈≈.#
###..####.≈≈#
#.#..#.##≈≈≈#
#.'..'.##.≈≈#
#.'..'.##≈≈.#
#.#..#.##≈≈≈#
###ww####≈≈≈# #@.#
#≈≈≈#
###..####≈≈≈#
#.#..#.##≈≈≈#
#≈≈≈##.'..'.##≈≈.#
#≈≈.##.'..'.##≈≈.#
#≈≈≈
#≈≈≈##.#..#.##≈≈≈#
#≈≈.
#≈≈≈####..####≈≈.#
#≈≈≈ #≈≈≈# #.≈#
#≈≈≈# #≈≈≈ #≈≈≈#
#≈≈# #.≈≈#


You could see 2 worms.

Vanquished Creatures
  Ijyb (D:2)
  7 adders
  7 oozes
  6 worms
  5 giant geckos
  An orc (D:3)
  6 ball pythons
  5 giant cockroaches
  9 goblins
  7 hobgoblins (D:1)
  7 jackals
  5 kobolds
  16 bats
  3 giant newts
  7 rats
92 creatures vanquished.

Notes
Turn   | Place    | Note
--------------------------------------------------------------
     0 | D:1      | namelastname112 the Draconian Gladiator began the quest for the Orb.
     0 | D:1      | Reached XP level 1. HP: 17/17 MP: 1/1
   268 | D:1      | Reached XP level 2. HP: 21/24 MP: 2/2
   579 | D:1      | Reached XP level 3. HP: 30/30 MP: 3/3
   872 | D:2      | Noticed Ijyb
   886 | D:2      | Killed Ijyb
   886 | D:2      | Reached XP level 4. HP: 22/37 MP: 4/4
  1378 | D:2      | Reached skill level 4 in Maces & Flails
  1612 | D:2      | Reached XP level 5. HP: 45/45 MP: 5/5
  2333 | D:3      | Found a glowing drain.
  2337 | Sewer    | Entered a sewer
  2699 | Sewer    | Slain by a worm

Vault maps used:
D:1:      dpeg_arrival_pits, roderic_digamma_sauvastika, minmay_unequal
D:2:      uniq_iyjb
D:3:      kennysheep_big_flooded_room, gup_sewer_entry_bowl, hex_large
Sewer:    sewer_fruit_machine

Action                   |  1- 3 |  4- 6 || total
-------------------------+-------+-------++-------
Melee: Flail             |   106 |   185 ||   291
  Use: Potion            |       |     1 ||     1
 Stab: Sleeping          |     1 |     3 ||     4
  Eat: Chunk             |       |     6 ||     6
